 Dungeon Crawl Stone Soup version 0.25.0-37-gb73750e0fb (webtiles) character file.

Game seed: 3561871347292041994

20 Ethylacetat the Poker (level 2, 0/22 HPs)
             Began as a Demonspawn Gladiator on July 8, 2020.
             Succumbed to a worker ant's poison
             ... on level 5 of the Dungeon.
             The game lasted 00:01:28 (637 turns).

Ethylacetat the Poker (Demonspawn Gladiator)         Turns: 637, Time: 00:01:28

Health: 0/22       AC:  4    Str: 14    XL:     2   Next: 58%
Magic:  2/2        EV: 12    Int:  9    God:
Gold:   45         SH:  0    Dex: 14    Spells: 1/1 levels left

rFire    . . .     SeeInvis .   a - +0 trident
rCold    . . .     Gourm    .   (no shield)
rNeg     . . .     Faith    .   b - +0 leather armour
rPois    .         Spirit   .   c - +0 helmet
rElec    .         Reflect  .   (no cloak)
rCorr    .         Harm     .   (no gloves)
MR       .....                  (no boots)
Stlth    +.........             (no amulet)
HPRegen  0.07/turn              l - ring of wizardry
MPRegen  0.08/turn              (no ring)

@: lethally poisoned (0 -> -15)
A: talons 1
a: no special abilities


You were on level 5 of the Dungeon.
You were not hungry.

You visited 1 branch of the dungeon, and saw 5 of its levels.

You collected 45 gold pieces.

Inventory:

Hand Weapons
 a - a +0 trident (weapon)
Missiles
 d - 3 throwing nets (quivered)
Armour
 b - a +0 leather armour (worn)
 c - a +0 helmet (worn)
Jewellery
 l - a ring of wizardry (left hand)
Scrolls
 e - a scroll of fog {unknown}
 h - 2 scrolls of identify {unknown}
 k - a scroll of immolation {unknown}
 m - a scroll of remove curse {unknown}
Potions
 i - a potion of cancellation {unknown}
 j - a potion of curing {unknown}
Comestibles
 f - a ration
 g - 3 chunks of flesh


   Skills:
 + Level 2.0 Fighting
 * Level 3.5 Polearms
 - Level 1.7 Throwing
 + Level 0.2 Armour
 - Level 2.6 Dodging


You had one spell level left.
You didn't know any spells.
Your spell library was empty.

Dungeon Overview and Level Annotations

Branches:
Dungeon (5/15)
 Temple: D:4-7

Altars:


Innate Abilities, Weirdness & Mutations

You have sharp toenails.


Message History

You barely miss the worker ant. Your kick misses the worker ant.
The worker ant is heavily wounded.
You feel sick. The hound bites you but does no damage.
The worker ant bites you.
* * * LOW HITPOINT WARNING * * *
You are more poisoned.
The worker ant poisons you! The worker ant bites you.
* * * LOW HITPOINT WARNING * * *
The hound bites you.
* * * LOW HITPOINT WARNING * * *
Some of the chunks of flesh in your inventory have rotted away.
Unknown command.
You hit the worker ant but do no damage.
The worker ant is heavily wounded.
* * * LOW HITPOINT WARNING * * *
You feel sick. The hound barely misses you. The worker ant misses you.
The worker ant closely misses you. The hound bites you but does no damage.
You closely miss the worker ant. You claw the worker ant.
The worker ant is severely wounded.
You die...

## .. #.. ... #
## #.# ...# #.
..#.####....
#..##.#....... #
#.....#..h..#..#
.#......#a......
........@ahh...>
(.#.?.<#h#.#..%
#....#.#
#.........
#..a.#.#.##
......#....
###.#.#.#.## ...
#.#.# .. # ###


You could see a hound, 3 worker ants and 3 jackals.

Vanquished Creatures
  A leopard gecko (D:1)
  A giant cockroach (D:1)
  3 goblins
  A hobgoblin (D:1)
  5 kobolds (D:1)
  A quokka (D:2)
  3 bats
  2 frilled lizards (D:1)
17 creatures vanquished.

Notes
Turn   | Place    | Note
-------+----------+-------------------------------------------
     0 | D:1      | Ethylacetat the Demonspawn Gladiator began the quest for
                  | the Orb.
     0 | D:1      | Reached XP level 1. HP: 16/16 MP: 1/1
   141 | D:1      | Reached skill level 3 in Polearms
   313 | D:1      | Gained mutation: You have sharp toenails. [demonic
                  | ancestry]
   313 | D:1      | Reached XP level 2. HP: 22/22 MP: 2/2
   630 | D:5      | Entered Level 5 of the Dungeon
   636 | D:5      | HP: 1/22 [poisoned by a worker ant]
   637 | D:5      | Succumbed to a worker ant's poison

Illustrated notes

Levels and vault maps discovered:
D:1:      dpeg_arrival_ternary, layout_basic
D:2:      layout_loops_ring, elyvilon_altar_3, nemelex_diamond_rough_becter
D:3:      layout_basic
D:4:      layout_loops_cross, serial_shops, shop, shop, shop, grunt_tough_drop
D:5:      layout_basic, minmay_temple_entry_statues_fountains, first_ration,
          uniq_sigmund, uniq_menkaure

Skill      XL: |  1 |
---------------+----+-----
Polearms       | 3 |  3.5
Fighting       | |  2.0
Throwing       | |  1.7
Armour         | |  0.2
Dodging        | |  2.6

Action                   || total
-------------------------++-------
Melee: Trident           ||    42
       Kick              ||     8
 Stab: Sleeping          ||     1
Armor: Leather armour    ||     7
Dodge: Dodged            ||    19
